 Dungeon Crawl Stone Soup version 0.31-a0-590-g8a5a4361df (webtiles) character file.

Game seed: 12810882534896215906

384 bmack86 the Chopper (level 6, -4/51 HPs)
             Began as a Minotaur Fighter on Aug 19, 2023.
             Killed from afar by an orc wizard (6 damage)
             ... with a puff of flame
             ... on level 4 of the Dungeon.
             The game lasted 00:07:32 (2480 turns).

bmack86 the Chopper (Minotaur Fighter)              Turns: 2480, Time: 00:07:33

Health: -4/51      AC: 11    Str: 23    XL:     6   Next: 47%
Magic:  5/5        EV:  9    Int:  5    God:
Gold:   132        SH:  0    Dex:  9    Spells: 5/5 levels left

rFire   . . .        a - +0 war axe
rCold   . . .        c - +0 buckler
rNeg    . . .        b - +0 scale mail
rPois   +            (helmet restricted)
rElec   .            u - +1 cloak
rCorr   .            t - +0 pair of gloves
SInv    .            l - +0 pair of boots
Will    .....        g - amulet of reflection Stlth
                     k - ring of poison resistance
HPRegen 0.28/turn    (no ring)
MPRegen 0.09/turn

%: reflection
@: confused
A: horns 2, retaliatory headbutt
a: no special abilities


You were on level 4 of the Dungeon.
You visited 1 branch of the dungeon, and saw 4 of its levels.

You collected 196 gold pieces.
You spent 64 gold pieces at shops.

Inventory:

Hand Weapons
 a - a +0 war axe (weapon)
Armour
 b - a +0 scale mail (worn)
 c - a +0 buckler (worn)
 l - a +0 pair of boots (worn)
 t - a +0 pair of gloves (worn)
 u - a +1 cloak (worn)
Jewellery
 g - an amulet of reflection (around neck)
 k - a ring of poison resistance (left hand)
 s - an amulet of magic regeneration
Scrolls
 i - a scroll of vulnerability {unknown}
 j - a scroll of fear {unknown}
 n - a scroll of amnesia {unknown}
 q - a scroll of revelation {unknown}
 r - a scroll of immolation {unknown}
Potions
 d - 2 potions of might
 f - a potion of attraction
 h - a potion of lignification
 o - a potion of curing {unknown}
 p - a potion of ambrosia {unknown}


   Skills:
 - Level 3.6 Fighting
 + Level 7.7 Axes
 - Level 3.6 Armour
 - Level 5.0 Shields


You had 5 spell levels left.
You didn't know any spells.
Your spell library contained the following spells:

 Spells                   Type           Power      Damage    Failure   Level
 Freeze                   Ice            0%         1d3       85%         1
 Cigotuvi's Dreadful Rot  Necr/Pois/Air  0%         N/A       94%         2
 Poisonous Vapours        Pois/Air       0%         N/A       94%         2
 Frozen Ramparts          Ice            0%         1d1       99%         3
 Hailstorm                Conj/Ice       0%         3d3       99%         3
 Mephitic Cloud           Conj/Pois/Air  0%         N/A       99%         3
 Dispel Undead            Necr           0%         3d6       100%        4
 Manifold Assault         Tloc           0%         N/A       100%        4
 Freezing Cloud           Conj/Ice/Air   0%         6-21      100%        5
 Death Channel            Necr           0%         N/A       100%        6
 Dispersal                Tloc           0%         N/A       100%        6
 Disjunction              Tloc           0%         N/A       100%        8


Dungeon Overview and Level Annotations

Branches:
Dungeon (4/15)
 Temple: D:4-7

Altars:
Xom

Shops:
D:2 ((*   D:3 :


Innate Abilities, Weirdness & Mutations

You have a pair of horns on your head.
You reflexively headbutt those who attack you in melee.


Message History

Deactivating autopickup; reactivate with Ctrl-A.
You are confused.
There is a stone staircase leading up here.
The orc priest hits you but does no damage.
In your confused state, you trip and fall back down the stairs.
The orc priest hits you but does no damage.
The orc priest looks braver for a moment.
You barely miss the orc priest. Your headbutt misses the orc priest.
You closely miss the orc priest. You completely miss something.
Something hits you.
The orc priest calls down the wrath of Beogh upon you.
Beogh smites you!
Unknown command.
You hit the orc.
The orc is heavily wounded.
You barely miss the orc priest. You closely miss the orc priest.
You closely miss something.
The orc priest hits you but does no damage.
The orc hits you but does no damage.
The orc priest looks satisfied for a moment.
Something hits you but does no damage.
You slash the orc!
You kill the orc!
You closely miss something.
You hit the orc priest but do no damage.
You barely miss the orc priest.
You feel less confused.
The orc priest mumbles some strange prayers to Beogh against you.
Beogh smites you!
* * * LOW HITPOINT WARNING * * *
The orc priest hits you but does no damage.
You hear some strange, mumbled words.
You are confused.
The orc priest mumbles some strange prayers to Beogh against you.
Beogh smites you!
* * * LOW HITPOINT WARNING * * *
You hear some strange, mumbled words.
A puff of flame appears from out of thin air!
The puff of flame hits you.
You die...

. .# #. ###.
#.. #.#
#.#####o##.#
#.....)@...#
...<...{o####
.#.###.....
#.##### #. #.
#. ..


You could see 2 orc priests.

Vanquished Creatures
  Grinder (D:3)
  An orc priest (D:3)
  Crazy Yiuf (D:3)
  A sleepcap (D:2)
  5 adders (D:2)
  2 worms (D:2)
  3 orcs
  5 ball pythons
  6 bats
  8 endoplasms
  3 giant cockroaches
  A goblin (D:1)
  4 hobgoblins
  7 kobolds
  5 quokkas
  5 rats
58 creatures vanquished.

Notes
Turn   | Place    | Note
-------+----------+-------------------------------------------
     0 | D:1      | bmack86 the Minotaur Fighter began the quest for the Orb.
     0 | D:1      | Reached XP level 1. HP: 19/19 MP: 0/0
    82 | D:1      | Reached XP level 2. HP: 19/26 MP: 1/1
   236 | D:1      | Reached skill level 3 in Axes
   386 | D:1      | Found a faded altar of an unknown god.
   511 | D:1      | Reached XP level 3. HP: 26/31 MP: 2/2
   689 | D:2      | Found Tufuub's Assorted Antiques.
   706 | D:2      | Bought a scroll labelled XIUTEL XASMI for 32 gold pieces
   706 | D:2      | Bought a scroll labelled QATIWN VYLYM for 32 gold pieces
   738 | D:2      | Found Seyhup's Antique Weapon Emporium.
   784 | D:2      | Reached skill level 4 in Axes
   784 | D:2      | Reached skill level 5 in Shields
   784 | D:2      | Reached XP level 4. HP: 4/39 MP: 3/3
  1168 | D:2      | Found Irioch's Weapon Boutique.
  1183 | D:2      | Found a shimmering altar of Xom.
  1276 | D:2      | Reached skill level 5 in Axes
  1646 | D:3      | Found Dicsir's Book Emporium.
  1671 | D:3      | Reached XP level 5. HP: 45/45 MP: 4/4
  2025 | D:3      | Noticed Grinder
  2026 | D:3      | Paralysed by Grinder for 2 turns
  2033 | D:3      | Paralysed by Grinder for 4 turns
  2041 | D:3      | Killed Grinder
  2042 | D:3      | Reached skill level 7 in Axes
  2042 | D:3      | Reached XP level 6. HP: 10/51 MP: 5/5
  2050 | D:3      | Found a runed translucent door.
  2051 | D:3      | Noticed Crazy Yiuf
  2192 | D:3      | Killed Crazy Yiuf
  2480 | D:4      | HP: 2/51 [orc priest/divine providence (12)]
  2480 | D:4      | Killed from afar by an orc wizard

Illustrated notes

Levels and vault maps discovered:
D:1:      dpeg_arrival_erosion, layout_basic,
          hellmonk_ecumenical_altar_crossroads
D:2:      layout_basic, basic_altar, serial_shops, shop, shop, shop,
          minmay_surrounded
D:3:      layout_loops_ring, serial_shops, nicolae_shop_hallway_plus,
          uniq_crazy_yiuf_cottage, uniq_grinder
D:4:      layout_loops_ring, fedhas_altar_2, minmay_temple_entry_sparse_star

Skill      XL: |  1  2  3  4  5 |
---------------+----------------+-----
Shields        | 4 5 |  5.0
Axes           | 3 4 5 7 |  7.7
Fighting       | |  3.6
Armour         | |  3.6

Action                     |  1- 3 |  4- 6 || total
---------------------------+-------+-------++-------
  Melee: War axe           |    57 |    69 ||   126
         Headbutt          |    11 |    10 ||    21
    Use: Scroll            |       |     4 ||     4
         Potion            |       |     1 ||     1
 Armour: Scale mail        |    42 |    27 ||    69
  Dodge: Dodged            |    22 |    18 ||    40
  Block: Buckler           |    21 |    27 ||    48
         Reflection        |       |     1 ||     1

Table legend: (Time is in decaauts)
 A = Elapsed time spent in this place.
 B = Non-inter-level travel time spent in this place.
 C = Inter-level travel time spent in this place.
 D = Time resting spent in this place.
 E = Time spent auto-exploring this place.
 F = Levels seen in this place.
 G = Mean time per level.
                   A        B        C        D        E       F      G
               +--------+--------+--------+--------+--------+-----+--------+
         Total |   2518 |   2398 |    120 |    133 |   1613 |   4 |  629.5 |
       Dungeon |   2518 |   2398 |    120 |    133 |   1613 |   4 |  629.5 |
               +--------+--------+--------+--------+--------+-----+--------+

Top non-repeatable levels by time:
     D:2: 971 daAuts
     D:3: 832 daAuts
     D:1: 704 daAuts
     D:4: 10 daAuts
